cohdb
Replays
Latest Replays
All Replays
Popular Replays
Top Player Replays
Match Explorer
How It Works
Community
CoH3 Stats
Reddit
Sign in to upload your games and track your stats! →
Sign in with Steam
Match 20156405
Unlisted
Match 20156405
Overview
Messages
Build Orders
End
Panzergrenadier Squad
Panzergrenadier Squad
Construct Light Support Kompanie
250 Light Carrier
MG34 Team
Combat Half-tracks
Fire Support Elements
MG34 Team
Selects Italian Infantry
Veteran Squad Leaders
Selects Guastatori Squad
Selects L6/40 Light Tank Combat Group
Pak 38 Mechanized Group
Advanced Field Repairs
Pak 38 Anti-tank Gun Team
Guastatori Squad
2.5-tonne Medical Truck
Selects Defensive Operations
Selects Territory Booby Traps
Construct Panzerarmee Kommand
Panzer III L Medium Tank
Tungsten Core Ammunition
Selects Obice 305mm Barrage
Selects Towed Cannone da 105/28 Field Howitzer
Panzer III L Medium Tank
Panzer III L Medium Tank
Panzer III L Medium Tank
Panzer III L Medium Tank
Obice 305mm Barrage
Assault Grenadier Squad
Panzer III L Medium Tank
Emergency Repair Kits
Eddgar Stark
Pijencio
Imperates
MonoChrome
0
0
Comments
sign in to comment!
No comments posted yet!